| TOP OF THE 1ST |
|
Oklahoma State University Cowboys batting - Pitching for University of Illinois Fighting Illini : RHP Shitoshi Sai
|
|
Pitching: RHP Shitoshi Sai
|
|
|
Batting: RHB Settan Nakamura
|
0-0: Bunt for hit to 15S - play at first, batter safe!
|
|
Batting: SHB Mel Gonzalez
|
0-0: Foul Ball, location: 2F 0-1: Fly out, F4 (Line Drive, 4, EV 70.0 MPH)
|
|
Batting: RHB Ben Saxton
|
0-0: Swinging Strike 0-1: Foul Ball, location: 2F 0-2: Ball 1-2: Strikes out swinging
|
|
Batting: LHB Rafael Banda
|
0-0: Called Strike 0-1: Foul Ball, location: 2F 0-2: Ball 1-2: Strikes out swinging
|
| Top of the 1st over - 0 runs, 1 hit, 0 errors, 1 left on base; Oklahoma State University 0 - University of Illinois 0 |
| BOTTOM OF THE 1ST |
|
University of Illinois Fighting Illini batting - Pitching for Oklahoma State University Cowboys : RHP Matt Parsons
|
|
Pitching: RHP Matt Parsons
|
|
|
Batting: LHB Antonio Sandoval
|
0-0: Ball 1-0: Called Strike 1-1: Ball 2-1: Swinging Strike 2-2: Foul Ball, location: 2F 2-2: Strikes out swinging
|
|
Batting: RHB Hugo Priego
|
0-0: Called Strike 0-1: Fly out, F7 (Flyball, 78M, EV 79.4 MPH)
|
|
Batting: LHB Alex Rivera
|
0-0: Called Strike 0-1: Ball 1-1: Ball 2-1: Swinging Strike 2-2: Foul Ball, location: 2F 2-2: Foul Ball, location: 2F 2-2: Ball 3-2: Ground out 3-1 (Groundball, 34, EV 85.6 MPH)
|
| Bottom of the 1st over - 0 runs, 0 hits, 0 errors, 0 left on base; Oklahoma State University 0 - University of Illinois 0 |
| TOP OF THE 2ND |
|
Oklahoma State University Cowboys batting - Pitching for University of Illinois Fighting Illini : RHP Shitoshi Sai
|
|
Batting: RHB Masakuni Takeuchi
|
0-0: Ball 1-0: Foul Ball, location: 2F 1-1: Swinging Strike 1-2: Foul Ball, location: 2F 1-2: Strikes out swinging
|
|
Batting: RHB Ji-an See-to
|
0-0: Ball 1-0: Foul Ball, location: 2F 1-1: Ball 2-1: Foul Ball, location: 2F 2-2: Foul Ball, location: 2F 2-2: Foul Ball, location: 2F 2-2: Foul Ball, location: 2F 2-2: Foul Ball, location: 2F 2-2: Ball 3-2: Ground out 6-3 (Groundball, 6, EV 80.6 MPH)
|
|
Batting: LHB Vecdi Ertegun
|
0-0: Ball 1-0: Ball 2-0: Ball 3-0: Called Strike 3-1: Foul Ball, location: 2F 3-2: Ground out 6-3 (Groundball, 6M, EV 80.6 MPH)
|
| Top of the 2nd over - 0 runs, 0 hits, 0 errors, 0 left on base; Oklahoma State University 0 - University of Illinois 0 |
| BOTTOM OF THE 2ND |
|
University of Illinois Fighting Illini batting - Pitching for Oklahoma State University Cowboys : RHP Matt Parsons
|
|
Batting: RHB Oscar Ramirez
|
0-0: Called Strike 0-1: Ball 1-1: Foul Ball, location: 2F 1-2: Foul Ball, location: 2F 1-2: Strikes out looking
|
|
Batting: RHB Cody Leonard
|
0-0: Fly out, F8 (Line Drive, 8RD, EV 92.5 MPH)
|
|
Batting: SHB Ernesto Mazas
|
0-0: Ball 1-0: SINGLE (Line Drive, 4MD, EV 95.0 MPH)
|
|
Batting: LHB Clint Hanninen
|
0-0: Ball 1-0: Foul Ball, location: 2F 1-1: Ground out 4-3 (Groundball, 34, EV 105.6 MPH)
|
| Bottom of the 2nd over - 0 runs, 1 hit, 0 errors, 1 left on base; Oklahoma State University 0 - University of Illinois 0 |
| TOP OF THE 3RD |
|
Oklahoma State University Cowboys batting - Pitching for University of Illinois Fighting Illini : RHP Shitoshi Sai
|
|
Batting: RHB Pedro Luera
|
0-0: Ball 1-0: Ball 2-0: Ball 3-0: SINGLE (Groundball, 56D, EV 105.0 MPH)
|
|
Batting: LHB Gong Tow
|
0-0: Ball 1-0: Foul Ball, location: 2F 1-1: Swinging Strike 1-2: Strikes out looking
|
|
Batting: RHB Settan Nakamura
|
0-0: Called Strike 0-1: Grounds into double play, 6-4-3 (Groundball, 56, EV 104.4 MPH)
|
| Top of the 3rd over - 0 runs, 1 hit, 0 errors, 0 left on base; Oklahoma State University 0 - University of Illinois 0 |
| BOTTOM OF THE 3RD |
|
University of Illinois Fighting Illini batting - Pitching for Oklahoma State University Cowboys : RHP Matt Parsons
|
|
Batting: RHB Fernando Acosta
|
0-0: Called Strike 0-1: Ball 1-1: Ball 2-1: Foul Ball, location: 2F 2-2: Strikes out swinging, 2-3 out at first.
|
|
Batting: LHB Javy Rueda
|
0-0: Ball 1-0: Ball 2-0: Ball 3-0: Called Strike 3-1: Base on Balls
|
|
Batting: LHB Antonio Sandoval
|
0-0: Called Strike 0-1: Ball 1-1: DOUBLE (Groundball, 5L, EV 93.8 MPH) Javy Rueda to third
|
|
Batting: RHB Hugo Priego
|
0-0: Ball 1-0: Called Strike 1-1: Ground out 2-3 (Groundball, 13S, EV 64.4 MPH)
|
|
Batting: LHB Alex Rivera
|
0-0: Called Strike 0-1: Foul Ball, location: 2F 0-2: Foul Ball, location: 2F 0-2: Ball 1-2: Ball 2-2: Foul Ball, location: 2F 2-2: Ball 3-2: Foul Ball, location: 2F 3-2: SINGLE (Flyball, 8RS, EV 88.1 MPH) Javy Rueda scores Antonio Sandoval to third Runner from 3rd tries for Home, SAFE, throw by CF to home
|
|
Batting: RHB Oscar Ramirez
|
0-0: Ball 1-0: Ball 2-0: Called Strike Pickoff Throw to First - Out! 1-3
|
| Bottom of the 3rd over - 2 runs, 2 hits, 0 errors, 0 left on base; Oklahoma State University 0 - University of Illinois 2 |
| TOP OF THE 4TH |
|
Oklahoma State University Cowboys batting - Pitching for University of Illinois Fighting Illini : RHP Shitoshi Sai
|
|
Batting: SHB Mel Gonzalez
|
0-0: Ball 1-0: Ball 2-0: Ball 3-0: Called Strike 3-1: Foul Ball, location: 2F 3-2: SINGLE (Groundball, 3, EV 95.6 MPH)
|
|
Batting: RHB Ben Saxton
|
0-0: Called Strike 0-1: Ball 1-1: Ball 2-1: Ball 3-1: Foul Ball, location: 2F 3-2: Base on Balls Mel Gonzalez to second
|
|
Batting: LHB Rafael Banda
|
0-0: Ball 1-0: Ball 2-0: Foul Ball, location: 2F 2-1: Ball 3-1: Foul Ball, location: 2F 3-2: Foul Ball, location: 2F 3-2: Grounds into double play, 6-4-3 (Groundball, 6M, EV 85.6 MPH) Mel Gonzalez to third
|
|
Batting: RHB Masakuni Takeuchi
|
0-0: Ball 1-0: Fly out, F7 (Flyball, 7LS, EV 85.0 MPH)
|
| Top of the 4th over - 0 runs, 1 hit, 0 errors, 1 left on base; Oklahoma State University 0 - University of Illinois 2 |
| BOTTOM OF THE 4TH |
|
University of Illinois Fighting Illini batting - Pitching for Oklahoma State University Cowboys : RHP Matt Parsons
|
|
Batting: RHB Oscar Ramirez
|
0-0: Ball 1-0: Ground out 4-3 (Groundball, 4, EV 105.6 MPH)
|
|
Batting: RHB Cody Leonard
|
0-0: Ground out 6-3 (Groundball, 6M, EV 96.9 MPH)
|
|
Batting: SHB Ernesto Mazas
|
0-0: Called Strike 0-1: DOUBLE (Line Drive, 8LXD, EV 112.5 MPH)
|
|
Batting: LHB Clint Hanninen
|
0-0: Ball 1-0: DOUBLE (Line Drive, 8RXD, EV 109.4 MPH) Ernesto Mazas scores
|
|
Batting: RHB Fernando Acosta
|
0-0: Called Strike 0-1: Called Strike 0-2: Ball 1-2: Strikes out swinging
|
| Bottom of the 4th over - 1 run, 2 hits, 0 errors, 1 left on base; Oklahoma State University 0 - University of Illinois 3 |
| TOP OF THE 5TH |
|
Oklahoma State University Cowboys batting - Pitching for University of Illinois Fighting Illini : RHP Shitoshi Sai
|
|
Batting: RHB Ji-an See-to
|
0-0: Ball 1-0: Called Strike 1-1: Ball 2-1: Ground out 4-3 (Groundball, 4, EV 92.5 MPH)
|
|
Batting: LHB Vecdi Ertegun
|
0-0: Ball 1-0: Called Strike 1-1: Ground out 4-3 (Groundball, 4, EV 95.0 MPH)
|
|
Batting: RHB Pedro Luera
|
0-0: Ball 1-0: Ball 2-0: Ground out 6-3 (Groundball, 6, EV 88.8 MPH)
|
| Top of the 5th over - 0 runs, 0 hits, 0 errors, 0 left on base; Oklahoma State University 0 - University of Illinois 3 |
| BOTTOM OF THE 5TH |
|
University of Illinois Fighting Illini batting - Pitching for Oklahoma State University Cowboys : RHP Matt Parsons
|
|
Batting: LHB Javy Rueda
|
0-0: Ball 1-0: Ball 2-0: Ground out 6-3 (Groundball, 6D, EV 104.4 MPH)
|
|
Batting: LHB Antonio Sandoval
|
0-0: Swinging Strike 0-1: Ball 1-1: Foul Ball, location: 2F 1-2: Foul Ball, location: 2F 1-2: Ball 2-2: Foul Ball, location: 2F 2-2: Strikes out swinging
|
|
Batting: RHB Hugo Priego
|
0-0: Swinging Strike 0-1: Foul Ball, location: 2F 0-2: Strikes out swinging
|
| Bottom of the 5th over - 0 runs, 0 hits, 0 errors, 0 left on base; Oklahoma State University 0 - University of Illinois 3 |
| TOP OF THE 6TH |
|
Oklahoma State University Cowboys batting - Pitching for University of Illinois Fighting Illini : RHP Shitoshi Sai
|
|
Batting: LHB Gong Tow
|
0-0: Ground out 5-3 (Groundball, 25, EV 81.9 MPH)
|
|
Batting: RHB Settan Nakamura
|
0-0: Ball 1-0: Ball 2-0: Ball 3-0: Called Strike 3-1: Called Strike 3-2: Fly out, F9 (Line Drive, 8RM, EV 87.5 MPH)
|
|
Batting: SHB Mel Gonzalez
|
0-0: Ground out 1-3 (Groundball, P, EV 61.9 MPH)
|
| Top of the 6th over - 0 runs, 0 hits, 0 errors, 0 left on base; Oklahoma State University 0 - University of Illinois 3 |
| BOTTOM OF THE 6TH |
|
University of Illinois Fighting Illini batting - Pitching for Oklahoma State University Cowboys : RHP Matt Parsons
|
|
Batting: LHB Alex Rivera
|
0-0: Foul Ball, location: 2F 0-1: Swinging Strike 0-2: Ball 1-2: Foul Ball, location: 2F 1-2: Ball 2-2: Ball 3-2: Fly out, F8 (Flyball, 89M, EV 85.0 MPH)
|
|
Pitching: RHP Chang-wei Quian
|
|
|
Batting: RHB Oscar Ramirez
|
0-0: Called Strike 0-1: Ball 1-1: Swinging Strike 1-2: SOLO HOME RUN (Flyball, 7D, EV 96.2 MPH), Distance : 372 ft
|
|
Batting: RHB Cody Leonard
|
0-0: Ball 1-0: Ball 2-0: Ball 3-0: Base on Balls
|
|
Batting: SHB Ernesto Mazas
|
0-0: Called Strike 0-1: Called Strike 0-2: Ball 1-2: Ball 2-2: Ball 3-2: Strikes out swinging
|
|
Batting: LHB Clint Hanninen
|
0-0: Fly out, F4 (Line Drive, 4MD, EV 61.2 MPH)
|
| Bottom of the 6th over - 1 run, 1 hit, 0 errors, 1 left on base; Oklahoma State University 0 - University of Illinois 4 |
| TOP OF THE 7TH |
|
Oklahoma State University Cowboys batting - Pitching for University of Illinois Fighting Illini : RHP Shitoshi Sai
|
|
Pitching: RHP Vicente Gonzalez
|
|
|
Now at 1B: Clint Hanninen
|
|
|
Now in LF: Cody Leonard
|
|
|
Now in RF: Fumito Sakurai
|
|
|
Batting: RHB Ben Saxton
|
0-0: Swinging Strike 0-1: Foul Ball, location: 2F 0-2: Fly out, F7 (Flyball, 7, EV 90.0 MPH)
|
|
Batting: LHB Rafael Banda
|
0-0: Swinging Strike 0-1: Called Strike 0-2: Fly out, F8 (Flyball, 8RS, EV 91.2 MPH)
|
|
Batting: RHB Masakuni Takeuchi
|
0-0: Ball 1-0: Ball 2-0: Called Strike 2-1: Ball 3-1: Base on Balls
|
|
Batting: RHB Ji-an See-to
|
0-0: Ball 1-0: Called Strike 1-1: Foul Ball, location: 2F 1-2: Ball 2-2: Ball 3-2: Fly out, F7 (Line Drive, 7, EV 95.0 MPH)
|
| Top of the 7th over - 0 runs, 0 hits, 0 errors, 1 left on base; Oklahoma State University 0 - University of Illinois 4 |
| BOTTOM OF THE 7TH |
|
University of Illinois Fighting Illini batting - Pitching for Oklahoma State University Cowboys : RHP Chang-wei Quian
|
|
Batting: RHB Fernando Acosta
|
0-0: Called Strike 0-1: Ball 1-1: Ball 2-1: Fly out, F8 (Flyball, 8RM, EV 87.5 MPH)
|
|
Batting: LHB Fumito Sakurai
|
0-0: Ball 1-0: DOUBLE (Line Drive, 78M, EV 107.5 MPH)
|
|
Batting: LHB Antonio Sandoval
|
0-0: Called Strike 0-1: Ball 1-1: Ball 2-1: Ball 3-1: Ground out 1-3 (Groundball, 15S, EV 72.5 MPH)
|
|
Batting: RHB Hugo Priego
|
0-0: Ball 1-0: Swinging Strike 1-1: Ball 2-1: Foul Ball, location: 2F 2-2: Ball 3-2: Foul Ball, location: 2F 3-2: Fly out, F8 (Flyball, 8LD, EV 101.9 MPH)
|
| Bottom of the 7th over - 0 runs, 1 hit, 0 errors, 1 left on base; Oklahoma State University 0 - University of Illinois 4 |
| TOP OF THE 8TH |
|
Oklahoma State University Cowboys batting - Pitching for University of Illinois Fighting Illini : RHP Vicente Gonzalez
|
|
Batting: LHB Vecdi Ertegun
|
0-0: Ball 1-0: Foul Ball, location: 2F 1-1: Ball 2-1: Swinging Strike 2-2: Ground out 4-3 (Groundball, 4, EV 83.8 MPH)
|
|
Batting: RHB Pedro Luera
|
0-0: Ground out 6-3 (Groundball, 6, EV 105.6 MPH)
|
|
Batting: LHB Gong Tow
|
0-0: Fly out, F5 (Line Drive, 5, EV 70.6 MPH)
|
| Top of the 8th over - 0 runs, 0 hits, 0 errors, 0 left on base; Oklahoma State University 0 - University of Illinois 4 |
| BOTTOM OF THE 8TH |
|
University of Illinois Fighting Illini batting - Pitching for Oklahoma State University Cowboys : RHP Chang-wei Quian
|
|
Pitching: RHP Chris Nightingale
|
|
|
Batting: LHB Alex Rivera
|
0-0: Ball 1-0: Ball 2-0: Called Strike 2-1: Foul Ball, location: 2F 2-2: Ball 3-2: Ground out U3 (Groundball, 3, EV 83.8 MPH)
|
|
Batting: RHB Oscar Ramirez
|
0-0: Ball 1-0: Called Strike 1-1: Foul Ball, location: 2F 1-2: Ball 2-2: Strikes out swinging
|
|
Batting: RHB Cody Leonard
|
0-0: Ball 1-0: Ball 2-0: Ball 3-0: Called Strike 3-1: Base on Balls
|
|
Batting: SHB Ernesto Mazas
|
0-0: 2-RUN HOME RUN (Flyball, 7D, EV 97.5 MPH), Distance : 376 ft
|
|
Batting: LHB Clint Hanninen
|
0-0: Ball 1-0: Foul Ball, location: 2F 1-1: Foul Ball, location: 2F 1-2: Strikes out looking
|
| Bottom of the 8th over - 2 runs, 1 hit, 0 errors, 0 left on base; Oklahoma State University 0 - University of Illinois 6 |
| TOP OF THE 9TH |
|
Oklahoma State University Cowboys batting - Pitching for University of Illinois Fighting Illini : RHP Vicente Gonzalez
|
|
Batting: RHB Settan Nakamura
|
0-0: Ball 1-0: Ball 2-0: Fly out, F9 (Flyball, 89M, EV 83.1 MPH)
|
|
Pinch Hitting: RHB Mennad Maalik
|
0-0: Called Strike 0-1: Swinging Strike 0-2: Ball 1-2: DOUBLE (Line Drive, 7LM, EV 112.5 MPH)
|
|
Pitching: RHP Hector Gonzalez
|
|
|
Pinch Hitting: RHB Ivan Torres
|
0-0: Foul Ball, location: 2F 0-1: Ball 1-1: Ball 2-1: Foul Ball, location: 2F 2-2: Strikes out swinging
|
|
Batting: LHB Rafael Banda
|
0-0: Hit by Pitch
|
|
Batting: RHB Masakuni Takeuchi
|
0-0: Ball 1-0: Ball 2-0: Ball 3-0: Base on Balls Mennad Maalik to third Rafael Banda to second
|
|
Batting: RHB Ji-an See-to
|
0-0: Ball 1-0: Called Strike 1-1: Foul Ball, location: 2F 1-2: Ground out 4-3 (Groundball, 4D, EV 106.2 MPH)
|
| Top of the 9th over - 0 runs, 1 hit, 0 errors, 3 left on base; Oklahoma State University 0 - University of Illinois 6 |
|